 Dungeon Crawl Stone Soup version 0.26-a0-651-gb41185065b (webtiles) character file.

Game seed: 13009921943311761087

23 Lanoc the Sneak (level 2, -4/15 HPs)
             Began as a Vine Stalker Brigand on Oct 26, 2020.
             Slain by a gnoll
             ... wielding a +0 halberd
              (13 damage)
             ... on level 3 of the Dungeon.
             The game lasted 00:00:51 (634 turns).

Lanoc the Sneak (Vine Stalker Brigand)               Turns: 634, Time: 00:00:52

Health: -4/15      AC:  3    Str: 13    XL:     2   Next: 95%
Magic:  0/3        EV: 12    Int: 11    God:
Gold:   35         SH:  0    Dex: 15    Spells: 1/1 levels left

rFire    . . .     SeeInvis .   h - +3 dagger
rCold    . . .     Faith    .   (no shield)
rNeg     . . .     Spirit   +   b - +0 robe
rPois    .         Reflect  .   (no helmet)
rElec    .         Harm     .   c - +0 cloak
rCorr    .         Rampage  .   (no gloves)
MR       .....                  (no boots)
Stlth    +++.......             (no amulet)
HPRegen  0.05/turn              (no ring)
MPRegen  0.08/turn              (no ring)

@: no status effects
A: fangs 2, magic shield, antimagic bite, no potion heal 3, rot immunity
a: no special abilities


You were on level 3 of the Dungeon.
You visited 1 branch of the dungeon, and saw 3 of its levels.

You collected 35 gold pieces.

Inventory:

Hand Weapons
 h - a +3 dagger (weapon)
Missiles
 d - 8 poisoned darts (quivered)
 e - 2 curare-tipped darts
Armour
 b - a +0 robe (worn)
 c - a +0 cloak (worn)
Scrolls
 g - a scroll of teleportation {unknown}
 i - a scroll of amnesia {unknown}
Potions
 f - a potion of stabbing {unknown}


   Skills:
 + Level 2.1 Fighting
 - Level 1.7 Short Blades
 - Level 1.7 Throwing
 + Level 1.2 Dodging
 * Level 5.5 Stealth


You had one spell level left.
You didn't know any spells.
Your spell library was empty.

Dungeon Overview and Level Annotations

Branches:
Dungeon (3/15)

Altars:


Innate Abilities, Weirdness & Mutations

You have extremely sharp teeth.
When hurt, damage is shared between your health and your magic reserves.
Your bite disrupts and absorbs the magic of your enemies.
Potions cannot restore your health.
You are immune to rotting.


Message History

There's nothing to close nearby.
There's nothing to close nearby.
There's nothing to close nearby.
There's nothing to close nearby.
There's nothing to close nearby.
There's nothing to close nearby.
There's nothing to close nearby.
There's nothing to close nearby.
There's nothing to close nearby.
There's nothing to close nearby.
There's nothing to close nearby.
There's nothing to close nearby.
There's nothing to close nearby.
A gnoll opens the door.
Things that are here:
a +0 whip; a gnoll corpse
There is a stone staircase leading up here.
The gnoll hits you from afar with a +0 halberd!
Ouch! That really hurt!
You die...

... ... #.# ... #.# ...
#.# #.# ##'## #.# ##...##
#.# ##### ##..).g##
##.###...##
##.......###......)..##
#.......@.#.#.........###
+........................
#.........###.........<##
##.......#.###.......†.#
##.....###.###.......##
##...## #.#.#.....##
##+## #.###...## ###
##.## #.


You could see a gnoll.

Vanquished Creatures
  A gnoll (D:3)
  2 dart slugs
  A goblin (D:1)
  3 hobgoblins
  A kobold (D:1)
  A rat (D:2)
9 creatures vanquished.

Notes
Turn   | Place    | Note
-------+----------+-------------------------------------------
     0 | D:1      | Lanoc the Vine Stalker Brigand began the quest for the Orb.
     0 | D:1      | Reached XP level 1. HP: 11/11 MP: 2/2
   278 | D:1      | Reached skill level 5 in Stealth
   283 | D:1      | Reached skill level 1 in Dodging
   283 | D:1      | Reached XP level 2. HP: 11/15 MP: 3/3
   634 | D:3      | Slain by a gnoll

Illustrated notes

Levels and vault maps discovered:
D:1:      wheals_arrival_linesprint, layout_loops_ring
D:2:      layout_loops_ring, uniq_natasha
D:3:      layout_loops_corners, fedhas_altar_3, uniq_robin, uniq_terence

Skill      XL: |  1 |
---------------+----+-----
Stealth        | 5 |  5.5
Fighting       | 2 |  2.1
Dodging        | 1 |  1.2
Short Blades   | |  1.7
Throwing       | |  1.7

Action                   || total
-------------------------++-------
Melee: Dagger            ||    26
       Bite              ||    10
 Stab: Distracted        ||     1
       Sleeping          ||     1
Dodge: Dodged            ||     8

Table legend: (Time is in decaauts)
 A = Elapsed time spent in this place.
 B = Non-inter-level travel time spent in this place.
 C = Inter-level travel time spent in this place.
 D = Time resting spent in this place.
 E = Time spent auto-exploring this place.
 F = Levels seen in this place.
 G = Mean time per level.
                   A        B        C        D        E       F      G
               +--------+--------+--------+--------+--------+-----+--------+
         Total |    630 |    626 |      4 |      5 |    500 |   3 |  210.0 |
       Dungeon |    630 |    626 |      4 |      5 |    500 |   3 |  210.0 |
               +--------+--------+--------+--------+--------+-----+--------+

Top non-repeatable levels by time:
     D:1: 370 daAuts
     D:3: 133 daAuts
     D:2: 126 daAuts
